 Dungeon Crawl Stone Soup version 0.29.1-13-g9f3cf754e1 (webtiles) character file.

Game seed: 11528252388349660138

159988 KittyFluff the Tortoise (level 17, -11/110 HPs)
             Began as a Gargoyle Berserker on Feb 6, 2023.
             Was the Champion of Trog.
             Shot with an arrow by a naga sharpshooter (17 damage)
             ... on level 4 of the Snake Pit.
             The game lasted 03:24:35 (31579 turns).

KittyFluff the Tortoise (Gargoyle Berserker)       Turns: 31579, Time: 03:24:35

Health: -11/110    AC: 43    Str: 23    XL:     17   Next: 75%
Magic:  17/17      EV: 18    Int: 13    God:    Trog [******]
Gold:   1375       SH: 20    Dex: 22    Spells: 16/16 levels left

rFire   + . .      SeeInvis +   r - +4 demon whip (flame)
rCold   . . .      Faith    .   K - +0 kite shield {AC+3}
rNeg    + . .      Spirit   .   X - +6 scale mail of Nihilism {Dex+4}
rPois   ∞          Reflect  +   R - +1 helmet {SInv}
rElec   +          Harm     .   (no cloak)
rCorr   .          Rampage  .   A - +2 pair of gloves of Tenacity {Regen+ Int+3}
Will    +++..                   H - +3 pair of boots of Masochism {*Slow Dex+5}
Stlth   +++.......              s - amulet of reflection
HPRegen 2.08/turn               W - +4 ring of evasion
MPRegen 0.15/turn               V - ring of protection from fire

@: strong-willed, flying, regenerating, constricted, studying Stealth
A: sickness immunity, AC +12, big wings, negative energy resistance 1,
electricity resistance, torment resistance 1, petrification resistance
a: Renounce Religion, Berserk, Trog's Hand, Brothers in Arms


You were on level 4 of the Snake Pit.
You worshipped Trog.
Trog was exalted by your worship.
You visited 4 branches of the dungeon, and saw 26 of its levels.
You also visited: Sewer and Volcano.

You collected 3161 gold pieces.
You spent 1786 gold pieces at shops.

Inventory:

Hand Weapons
 h - a +5 antimagic morningstar
 r - a +4 demon whip of flaming (weapon)
 z - the +8 morningstar "Riequu Cufa" {venom, rPois rN+}
   (You found it on level 1 of the Snake Pit)

   It poisons the flesh of those it strikes.
   rPois:     It protects you from poison.
   rN:        It protects you from negative energy.
Missiles
 c - 8 javelins
 E - 23 boomerangs (quivered)
 M - 5 silver javelins
 T - 7 curare-tipped darts
 U - 31 poisoned darts
 Y - 4 silver boomerangs
Armour
 e - a +2 scale mail of fire resistance
 n - the +0 pair of gloves of the Griffon {Slay+3}
   (You found it in a volcano)

   Slay:      It affects your accuracy & damage with ranged weapons and melee
   (+3).
 A - the +2 pair of gloves of Tenacity (worn) {Regen+ Int+3}
   (You found it on level 15 of the Dungeon)

   Int:       It affects your intelligence (+3).
   Regen:     It increases your rate of health regeneration.
 H - the +3 pair of boots of Masochism (worn) {*Slow Dex+5}
   (You acquired it on level 5 of the Dungeon)

   Dex:       It affects your dexterity (+5).
   *Slow:     It may slow you when you take damage.
 K - a +0 kite shield of protection (worn)
 L - a +2 chain mail of cold resistance
 O - the +9 plate armour of Purpose {rCorr Int+3 Dex+4}
   (You bought it in a shop on level 2 of the Orcish Mines)

   Int:       It affects your intelligence (+3).
   Dex:       It affects your dexterity (+4).
   rCorr:     It protects you from acid and corrosion.
 R - a +1 helmet of see invisible (worn)
 X - the +6 scale mail of Nihilism (worn) {Dex+4}
   (You bought it in a shop on level 2 of the Orcish Mines)

   Dex:       It affects your dexterity (+4).
Jewellery
 s - an amulet of reflection (around neck)
 u - a ring of positive energy
 v - a ring of protection from cold
 V - a ring of protection from fire (right hand)
 W - a +4 ring of evasion (left hand)
Wands
 d - a wand of light (27)
 o - a wand of flame (74)
 t - a wand of mindburst (43)
 G - a wand of polymorph (5)
 J - a wand of digging (7)
 N - a wand of paralysis (16)
 S - a wand of roots (38)
Scrolls
 a - 2 scrolls of immolation
 b - 4 scrolls of enchant armour
 f - a scroll of enchant weapon
 i - 3 scrolls of fear
 k - 2 scrolls of summoning
 l - 3 scrolls of magic mapping
 p - 6 scrolls of fog
 q - 3 scrolls of silence
 y - a scroll of torment
 F - a scroll of brand weapon
 I - 6 scrolls of teleportation
 P - 4 scrolls of blinking
Potions
 g - 5 potions of haste
 j - 3 potions of invisibility
 m - 5 potions of attraction
 w - 6 potions of might
 x - a potion of resistance
 B - 9 potions of heal wounds
 C - 2 potions of lignification
 D - 6 potions of curing
 Z - 8 potions of mutation
Miscellaneous
 Q - a box of beasts


   Skills:
 + Level 13.8 Fighting
 + Level 15.7 Maces & Flails
 + Level 0.4 Ranged Weapons
 + Level 4.1 Throwing
 * Level 16.3 Armour
 + Level 10.3 Dodging
 + Level 9.3 Stealth
 + Level 16.1 Shields


You had 16 spell levels left.
You didn't know any spells.
Your spell library was empty.

Dungeon Overview and Level Annotations

Branches:
Dungeon (15/15) Temple (0/1) D:4 Lair (5/5) D:8 Shoals (0/4) Lair:2 Snake (4/4) Lair:3 Slime (0/5) Lair:4 Orc (2/2) D:12 Elf (0/3) Orc:2 Vaults (0/5) D:12 D:13 Depths (0/4) D:15 Sewer (visited) Volcano (visited)

Altars:
Cheibriados
Kikubaaqudgha
Nemelex Xobeh
Sif Muna
Trog
Vehumet
Yredelemnul
The Shining One
Jiyva

Shops:
D:1 !?   Orc:1 =   Orc:2 *[[:   Snake:4 =(:

Annotations:
Snake:2 2 transporters, suipiss's ghost, adept DsNe


Innate Abilities, Weirdness & Mutations

You are immune to sickness and miasma.
Your stone body is resilient. (AC +12)
You are immune to poison.
Your large and strong wings let you fly.
You resist negative energy. (rN+)
You are resistant to electric shocks. (rElec)
You are resistant to unholy torment.
You are immune to petrification.


Message History

The splash of poison hits you but does no damage.
You resist. The naga hits you but does no damage. The naga constricts you.
The salamander mystic hits you but does no damage.
The guardian serpent hits you!
The naga sharpshooter unwields a +0 scimitar.
The naga sharpshooter wields a +0 longbow.
The naga sharpshooter mumbles some strange words.
The naga sharpshooter magically shoots an arrow.
The arrow hits you but does no damage. The naga hits you but does no damage.
The naga constricts you.
The naga mage hits you but does no damage.
The guardian serpent hits you but does no damage.
The salamander mystic hits you but does no damage.
The guardian serpent hits you but does no damage.
The naga hits you but does no damage. The naga constricts you.
The naga mage hits you but does no damage.
The naga sharpshooter spits poison at you.
The splash of poison hits you but does no damage.
You resist.
The salamander mystic hits you with a +0 scimitar.
You are engulfed in flames.
You resist. The guardian serpent hits you!
* * * LOW HITPOINT WARNING * * *
The naga mage hits you but does no damage.
The naga sharpshooter shoots an arrow.
The arrow hits you.
* * * LOW HITPOINT WARNING * * *
The naga spits poison at you.
The splash of poison hits you but does no damage.
You resist. The naga constricts you.
The guardian serpent hits you but does no damage.
The salamander mystic casts a spell at you.
The bolt of magma hits you!! You partially resist.
* * * LOW HITPOINT WARNING * * *
You can move again.
Your skin crawls.
You feel strong-willed.
You block the guardian serpent's attack.
You block the naga's attack. The naga constricts you.
The naga sharpshooter shoots an arrow.
The arrow hits you!
You die...

### ####N###
####...N@S#
#......NN#......
#.......#.......
##.......#.......
#.......#........
#.......#........
#.......#........
#.......#......... ...
##.......#............


You could see a naga sharpshooter (catching breath), a salamander mystic, a
guardian serpent, a naga mage and a naga.

Vanquished Creatures
  Vashnia (Snake:3)
  Kirke (D:12)
  2 nagarajas (Snake:2)
  The ghost of AyAyRon the Bludgeoner, an adept DsFi of Yredelemnul (D:15)
  The ghost of Jussuw Iff the Bringer of Law, an adept KoGl of Zin (D:15)
  The ghost of Hyloprol the Brawler, a journeyman CeMo of Okawaru (D:15)
  An ettin (D:15)
  Josephine (Lair:4)
  A fire dragon (Volcano)
  2 salamander tyrants
  6 hydras
  A boulder beetle (D:14)
  7 anacondas
  2 ogre magi
  An ice dragon (Lair:5)
  A catoblepas (Lair:3)
  4 centaur warriors
  7 naga warriors
  2 tengu warriors
  13 two-headed ogres
  10 death yaks
  Urug (D:12)
  5 shock serpents
  11 naga sharpshooters
  Amaemon (Lair:2)
  A fire crab (Lair:5)
  An iron troll (Orc:1)
  2 salamander mystics
  4 deep trolls
  3 lindwurms (Lair:5)
  7 naga ritualists
  3 orc knights
  3 deep elf pyromancers
  9 mana vipers
  6 ugly things
  2 manticores
  4 cyclopes
  Maurice (D:8)
  Joseph (D:8)
  15 salamanders
  15 naga magi
  9 elephants
  3 guardian serpents
  5 torpor snails (Lair:5)
  37 black mambas
  10 cane toads
  4 rime drakes
  An orange demon (Lair:2)
  3 yaktaurs (D:15)
  Maggie (Lair:1)
  11 komodo dragons
  The ghost of Villanelle the Sneak, a novice HuEn of Ru (D:5)
  2 unseen horrors
  2 tengu conjurers (D:15)
  5 polar bears
  4 tyrant leeches (Lair:5)
  8 hornets (Lair:5)
  24 slime creatures
  A wind drake (Lair:2)
  19 blink frogs
  11 trolls
  2 dream sheep (Lair:5)
  Sigmund (D:2)
  11 wyverns
  10 wraiths
  3 shadows
  2 fire elementals (D:13)
  12 fire bats
  A hog (D:12)
  31 yaks
  A yak (shapeshifter) (D:15)
  2 basilisks
  16 humans (D:12)
  4 steam dragons (Volcano)
  8 vampire mosquitoes
  28 nagas
  5 wargs
  A water moccasin (shapeshifter) (D:15)
  2 two-headed ogre zombies (D:12)
  2 acid dragons
  2 hell hounds (D:13)
  Pargi (Sewer)
  13 water moccasins
  3 black bears
  16 orc warriors
  A sky beast (D:7)
  23 ogres
  15 wolves
  8 centaurs
  2 phantoms
  4 kobold brigands
  12 bullfrogs
  4 necrophages
  3 gnoll sergeants
  3 scorpions
  11 wights
  3 troll zombies (D:12)
  9 killer bees
  4 howler monkeys (D:9)
  3 jellies
  2 gnoll boudas
  17 orc priests
  6 hounds
  6 iguanas
  31 orc wizards
  7 hell rats (Lair:5)
  3 ogre zombies (D:12)
  4 adders
  12 gnolls
  2 shadow imps
  2 white imps
  2 ufetubi
  4 worms
  2 dart slugs
  82 orcs
  10 bats
  5 endoplasms
  3 giant cockroaches
  13 goblins
  9 hobgoblins
  13 jackals
  28 kobolds
  3 quokkas
  5 ball pythons
  4 frilled lizards
  A hobgoblin skeleton (D:12)
  2 hobgoblin zombies (D:12)
  6 orc skeletons (D:12)
  16 orc zombies (D:12)
  9 rats
913 creatures vanquished.

Vanquished Creatures (collateral kills)
  The ghost of Ariamavi the Carver, a journeyman DsGl of Makhleb (D:15)
  The ghost of Faitwer the Martial Artist, a journeyman OpTm of Makhleb (D:15)
  Azrael (D:13)
  5 skeletal warriors (D:9)
8 creatures vanquished.

Vanquished Creatures (others)
  A human (D:13)
  An orc wizard (D:8)
  39 fungi
  95 plants
136 creatures vanquished.

Grand Total: 1057 creatures vanquished

Notes
Turn   | Place    | Note
-------+----------+-------------------------------------------
     0 | D:1      | KittyFluff the Gargoyle Berserker began the quest for the
                  | Orb.
     0 | D:1      | Reached XP level 1. HP: 14/14 MP: 1/1
   264 | D:1      | Reached XP level 2. HP: 19/19 MP: 2/2
   274 | D:1      | Found a faded altar of an unknown god.
   419 | D:1      | Found Dibbompokhla's Magic Scroll Emporium.
   468 | D:1      | Found Tuhuinac's Distillery.
   770 | D:1      | Reached XP level 3. HP: 18/24 MP: 3/3
  1758 | D:2      | Reached XP level 4. HP: 26/29 MP: 4/4
  1991 | D:2      | Reached ** piety under Trog
  2016 | D:2      | Noticed Sigmund
  2036 | D:2      | Killed Sigmund
  2037 | D:2      | Reached XP level 5. HP: 23/34 MP: 5/5
  2284 | D:3      | Reached XP level 6. HP: 35/39 MP: 6/6
  2507 | D:3      | Found a glowing drain.
  2529 | Sewer    | Entered a sewer
  2568 | Sewer    | Noticed Pargi
  2590 | Sewer    | Killed Pargi
  2591 | Sewer    | Reached skill level 5 in Maces & Flails
  2946 | D:3      | Reached XP level 7. HP: 31/44 MP: 7/7
  3007 | D:3      | Found a sparkling altar of Nemelex Xobeh.
  3019 | D:3      | Reached skill level 1 in Shields
  3646 | D:4      | Reached *** piety under Trog
  3831 | D:4      | Found a staircase to the Ecumenical Temple.
  3940 | D:5      | Entered Level 5 of the Dungeon
  3940 | D:5      | Found a large runed translucent door.
  3940 | D:5      | Found a large runed translucent door.
  3964 | D:5      | Noticed Villanelle's ghost (novice HuEn)
  4093 | D:5      | Identified a scroll of acquirement
  4145 | D:5      | Reached skill level 5 in Armour
  4145 | D:5      | Reached XP level 8. HP: 45/48 MP: 8/8
  4171 | D:5      | Reached skill level 5 in Fighting
  4525 | D:5      | Reached skill level 1 in Stealth
  4875 | D:5      | Reached **** piety under Trog
  4992 | D:5      | Killed Villanelle's ghost
  5120 | D:1      | Bought a scroll of teleportation for 42 gold pieces
  5231 | D:6      | Reached XP level 9. HP: 52/54 MP: 9/9
  5865 | D:6      | Found a snail-covered altar of Cheibriados.
  6912 | D:7      | Reached skill level 5 in Shields
  6970 | D:7      | Reached skill level 5 in Dodging
  7105 | D:7      | Reached XP level 10. HP: 60/60 MP: 10/10
  7570 | D:8      | You are sucked into a shaft and drop 2 floors!
  7570 | D:10     | Entered Level 10 of the Dungeon
  7604 | D:10     | Reached ***** piety under Trog
  7799 | D:9      | Noticed a deep elf pyromancer
  7854 | D:9      | Found a shimmering blue altar of Sif Muna.
  7867 | D:9      | Found a basalt altar of Yredelemnul.
  8158 | D:8      | Identified the +0 robe of Kikubaaqudgha's Fury {Contam Fly
                  | rPois Str+4}
  8277 | D:8      | Found a radiant altar of Vehumet.
  8349 | D:8      | Noticed Maurice
  8387 | D:8      | Killed Maurice
  8713 | D:8      | Found a staircase to the Lair.
  8833 | D:8      | Reached XP level 11. HP: 50/67 MP: 11/11
  9023 | D:8      | Noticed Joseph
  9044 | D:8      | Killed Joseph
  9446 | D:9      | Killed a deep elf pyromancer
  9446 | D:9      | Received a gift from Trog
  9670 | D:9      | Noticed a skeletal warrior
  9670 | D:9      | Noticed a skeletal warrior
  9670 | D:9      | Noticed a skeletal warrior
  9670 | D:9      | Noticed a skeletal warrior
  9671 | D:9      | Found an ancient bone altar of Kikubaaqudgha.
  9692 | D:9      | Killed a skeletal warrior
  9694 | D:9      | Killed a skeletal warrior
  9696 | D:9      | Killed a skeletal warrior
  9697 | D:9      | Reached skill level 10 in Maces & Flails
  9699 | D:9      | Killed a skeletal warrior
  9705 | D:9      | Noticed a skeletal warrior
  9710 | D:9      | Killed a skeletal warrior
  9713 | D:9      | Found a glowing golden altar of the Shining One.
 10017 | D:9      | Acquired the +3 pair of boots of Masochism {*Slow Dex+5}
 10029 | D:9      | Acquired a manual of Stealth
 10741 | D:10     | Reached skill level 10 in Armour
 10787 | D:10     | Reached skill level 1 in Throwing
 10898 | Lair:1   | Entered Level 1 of the Lair of Beasts
 10912 | Lair:1   | Reached XP level 12. HP: 66/75 MP: 12/12
 11115 | Lair:1   | Received a gift from Trog
 11351 | Lair:1   | You are sucked into a shaft and drop 1 floor!
 11676 | Lair:2   | Noticed Amaemon
 11706 | Lair:2   | Killed Amaemon
 11709 | Lair:2   | Found a dark tunnel.
 11753 | Volcano  | Entered a volcano
 12598 | Volcano  | Identified the +0 pair of gloves of the Griffon {Slay+3}
 12737 | Volcano  | Noticed a fire dragon
 12763 | Volcano  | Noticed a two-headed ogre
 12790 | Volcano  | Killed a fire dragon
 12861 | Volcano  | Killed a two-headed ogre
 12862 | Volcano  | Reached XP level 13. HP: 41/80 MP: 13/13
 13238 | Lair:1   | Noticed Maggie
 13249 | Lair:1   | Killed Maggie
 13384 | Lair:1   | Reached skill level 5 in Stealth
 13758 | Lair:2   | Received a gift from Trog
 13778 | Lair:2   | Found a staircase to the Shoals.
 13886 | Lair:2   | Reached skill level 10 in Fighting
 14948 | Lair:3   | Found a staircase to the Snake Pit.
 15279 | Lair:4   | Noticed Josephine
 15291 | Lair:4   | Killed Josephine
 15477 | Lair:4   | Reached skill level 10 in Shields
 15714 | Lair:4   | Gained mutation: Your large and strong wings let you fly.
                  | [Gargoyle growth]
 15714 | Lair:4   | Reached XP level 14. HP: 88/88 MP: 14/14
 15969 | Lair:4   | Found a staircase to the Slime Pits.
 15970 | Lair:4   | Found a viscous altar of Jiyva.
 16116 | Lair:5   | Entered Level 5 of the Lair of Beasts
 16700 | Lair:5   | Found a runed translucent door.
 17145 | Lair:5   | Received a gift from Trog
 19336 | D:11     | Reached XP level 15. HP: 95/95 MP: 15/15
 20340 | D:12     | Reached ****** piety under Trog
 20364 | D:12     | Found a staircase to the Orcish Mines.
 20449 | D:12     | Received a gift from Trog
 20982 | Orc:1    | Entered Level 1 of the Orcish Mines
 21643 | Orc:2    | Entered Level 2 of the Orcish Mines
 21643 | Orc:2    | Found Xygoesk's Armour Shop.
 22366 | Orc:2    | Found Ceokk's Assorted Antiques.
 22366 | Orc:2    | Found Ross's Book Boutique.
 22373 | Orc:2    | Received a gift from Trog
 22479 | Orc:2    | Found a staircase to the Elven Halls.
 22500 | Orc:2    | Found Wifin's Antique Armour Shop.
 22544 | Orc:2    | Bought a +1 helmet of see invisible for 198 gold pieces
 22569 | Orc:2    | Bought a pitted plate armour for 812 gold pieces
 22569 | Orc:2    | Identified the +9 plate armour of Purpose {rCorr Int+3
                  | Dex+4} (You bought it in a shop on level 2 of the Orcish
                  | Mines)
 22569 | Orc:2    | Bought a bloodstained scale mail for 261 gold pieces
 22569 | Orc:2    | Identified the +6 scale mail of Nihilism {Dex+4} (You
                  | bought it in a shop on level 2 of the Orcish Mines)
 22598 | Orc:2    | Bought a polished scale mail for 198 gold pieces
 22598 | Orc:2    | Identified the +1 scale mail of Vlad {rPois} (You bought it
                  | in a shop on level 2 of the Orcish Mines)
 22606 | Orc:2    | Bought a jet-studded chain mail for 275 gold pieces
 22606 | Orc:2    | Identified the +1 chain mail of the Past {rElec Dex+3} (You
                  | bought it in a shop on level 2 of the Orcish Mines)
 23522 | Orc:1    | Found Fiejuc's Jewellery Shop.
 23662 | D:13     | Noticed Urug
 23662 | D:13     | Found a gate to the Vaults.
 24090 | D:13     | Noticed Kirke
 24108 | D:12     | Killed Urug
 24173 | D:12     | Killed Kirke
 24295 | D:13     | Noticed Azrael
 24316 | D:13     | Killed Azrael
 24820 | D:13     | Received a gift from Trog
 24973 | D:13     | Reached XP level 16. HP: 101/101 MP: 16/16
 25789 | D:15     | Entered Level 15 of the Dungeon
 25806 | D:15     | Found a staircase to the Depths.
 25999 | D:15     | Identified the +1 robe of the Gate {Will+ Regen+ SInv}
 26304 | D:15     | Found a runed translucent gate.
 26304 | D:15     | Found a runed translucent gate.
 26304 | D:15     | Noticed Jussuw Iff's ghost (adept KoGl)
 26305 | D:15     | Found a runed translucent gate.
 26305 | D:15     | Noticed Ariamavi's ghost (journeyman DsGl)
 26306 | D:15     | Noticed Faitwer's ghost (journeyman OpTm)
 26306 | D:15     | Noticed AyAyRon's ghost (adept DsFi)
 26306 | D:15     | Noticed Hyloprol's ghost (journeyman CeMo)
 26348 | D:15     | Killed Jussuw Iff's ghost
 26392 | D:15     | Killed AyAyRon's ghost
 26416 | D:15     | Killed Ariamavi's ghost
 26419 | D:15     | Killed Faitwer's ghost
 26420 | D:15     | Reached skill level 15 in Maces & Flails
 26445 | D:15     | Killed Hyloprol's ghost
 26446 | D:15     | Reached skill level 15 in Armour
 26728 | D:15     | Identified the +2 pair of gloves of Tenacity {Regen+ Int+3}
 26743 | D:15     | Identified the +8 flail of Inquiry {freeze, Fragile rF-
                  | rC++ Str+8}
 27335 | Snake:1  | Entered Level 1 of the Snake Pit
 27977 | Snake:1  | Found a basalt altar of Yredelemnul.
 28197 | Snake:1  | Identified the +2 robe of Noon {Harm rN+}
 28374 | Snake:1  | Identified the +8 morningstar "Riequu Cufa" {venom, rPois
                  | rN+}
 28465 | Snake:1  | Reached skill level 10 in Dodging
 28714 | Snake:2  | Found a transporter.
 28810 | Snake:2  | Found a bloodstained altar of Trog.
 28810 | Snake:2  | Found a transporter.
 28821 | Snake:2  | Noticed suipiss's ghost (adept DsNe)
 28878 | Snake:2  | Received a gift from Trog
 28879 | Snake:2  | Reached skill level 15 in Shields
 28940 | Snake:2  | Noticed a nagaraja
 28959 | Snake:2  | Killed a nagaraja
 29122 | Snake:2  | Reached XP level 17. HP: 108/108 MP: 17/17
 29956 | Snake:3  | Received a gift from Trog
 30308 | Snake:3  | Noticed Vashnia
 30350 | Snake:3  | Killed Vashnia
 30849 | Snake:4  | Entered Level 4 of the Snake Pit
 31305 | Snake:4  | Found Luojunokk's Weapon Shoppe.
 31305 | Snake:4  | Found Nikuacvu's Jewellery Emporium.
 31307 | Snake:4  | Found Qiffipsa's Book Shoppe.
 31573 | Snake:4  | Paralysed by a naga sharpshooter for 5 turns
 31578 | Snake:4  | HP: 4/110 [salamander mystic/bolt of magma (22)]
 31579 | Snake:4  | Shot with an arrow by a naga sharpshooter

Illustrated notes

Levels and vault maps discovered:
D:1:      shiori_arrival_elements, layout_loops_corners, serial_shops, shop,
          nicolae_shop_waterfront, hellmonk_ecumenical_altar_arch_garden
D:2:      layout_basic, uniq_sigmund
D:3:      layout_basic, marbit_many_paths, cheibrodos_sewer_entry_drain,
          cheibrodos_gnoll_hut
D:4:      layout_rooms, minmay_temple_entry_fiery, serial_glass,
          glass_columns_b, glass_columns_a
D:5:      layout_loops_corners, ebering_ghost_disaster_area
D:6:      corexii_shack_village, layout_basic, slow_altar_1, nicolae_sextant
D:7:      layout_loops_ring
D:8:      layout_loops_cross, kennysheep_little_box, erik_lair_orcish_takeover,
          chequers_serial_rivers_micro_b, minmay_liquid_box, uniq_joseph,
          uniq_maurice
D:9:      cheibrodos_barr_body, layout_basic,
          mainiacjoe_overflow_large_starburst, jmf_multi_god_temple,
          grunt_decor_clamped
D:10:     layout_stronghold
D:11:     layout_roguey, minmay_misc_feat_iff
D:12:     layout_long_grid, zombieorc2_lemuel
D:13:     layout_loops_ring, david_vaults_3, uniq_urug, uniq_kirke, uniq_azrael
D:14:     nicolae_cairo_tiling, layout_rooms, serial_corexii_hall,
          chequers_hall_statues_y, chequers_hall_statues_wall_a,
          corexii_hall_statues_l, corexii_hall_statues_l,
          chequers_hall_statues_wall_a, chequers_hall_statues_wall_a
D:15:     hangedman_depths_entry_civil_slaughter, layout_small_grid,
          gammafunk_ghost_cemetery
Lair:1:   layout_loops_ring, chequers_serial_rivers_room_a, serial_bayou_pond_d,
          uniq_maggie
Lair:2:   layout_chaotic_city, minmay_shoals_entry_beasts,
          nicolae_volcano_entry_batcave, infiniplex_staircase_pool, uniq_amaemon
Lair:3:   dreamdust_cave_troll, layout_loops_ring, guppyfry_snake_entry_island,
          beast_lair_carwin_11
Lair:4:   layout_cave_pods, minmay_slime_entry_pillars, uniq_josephine
Lair:5:   wormcave, layout_cave_pods, hangedman_lair_in_review
Snake:1:  layout_chambers, basic_altar, nicolae_snake_naga_rites
Snake:2:  layout_gridlike, special_room, gammafunk_ghost_wrathful_warriors
Snake:3:  layout_concentric_octagons, uniq_vashnia
Snake:4:  snake_hunt, layout_onion, grunt_ministairs_12, minmay_shoptagon
Orc:1:    layout_caves, basic_altar, serial_shops, nicolae_lakefront_shop
Orc:2:    st_orc_open, layout_caves, minmay_orc_keep

Skill      XL: |  1  2  3  4  5  6  7  8  9 10 11 12 13 14 15 16 17 |
---------------+----------------------------------------------------+-----
Dodging        | 2 3 4 5 6 7 8 9 10 | 10.3
Fighting       | 4 5 6 7 8 9 10 11 12 13 | 13.8
Maces & Flails | 4 5 7 8 9 10 12 13 14 15 | 15.7
Armour         | 3 4 5 7 9 10 11 12 13 14 15 16 | 16.3
Shields        | 2 3 5 6 7 8 10 11 13 15 16 | 16.1
Stealth        | 2 3 4 6 7 8 9 |  9.3
Throwing       | 1 2 3 4 |  4.1
Ranged Weapons | |  0.4

Action                   |  1- 3 |  4- 6 |  7- 9 | 10-12 | 13-15 | 16-18 || total
-------------------------+-------+-------+-------+-------+-------+-------++-------
Melee: Mace              |   125 |   127 |   640 |   201 |       |       ||  1093
       Punch             |     2 |     1 |       |       |       |       ||     3
       Flail             |       |       |       |   487 |       |       ||   487
       Dire flail        |       |       |       |   150 |       |       ||   150
       Demon whip        |       |       |       |    82 |  1448 |  1174 ||  2704
 Fire: Shortbow          |       |       |       |     2 |       |       ||     2
Throw: Stone             |       |     7 |    12 |    18 |    17 |       ||    54
       Boomerang         |       |       |       |       |    59 |    43 ||   102
Invok: Berserk           |       |       |     1 |     1 |     3 |     1 ||     6
       Brothers in Arms  |       |       |       |     1 |     1 |     1 ||     3
       Trog's Hand       |       |       |       |       |       |     1 ||     1
  Use: Scroll            |       |     1 |    10 |     6 |    16 |     2 ||    35
       Potion            |       |       |     2 |     2 |     1 |     2 ||     7
 Stab: Sleeping          |       |       |     9 |     4 |     6 |    13 ||    32
       Distracted        |       |       |       |       |     1 |     3 ||     4
Armor: Animal skin       |    47 |     3 |       |       |       |       ||    50
       Leather armour    |       |    42 |       |       |       |       ||    42
       Troll leather arm |       |    10 |   249 |   249 |       |       ||   508
       Scale mail        |       |       |       |    73 |    89 |   287 ||   449
       Robe              |       |       |       |     8 |       |       ||     8
       Steam dragon scal |       |       |       |       |   231 |       ||   231
Dodge: Dodged            |    90 |    74 |   337 |   400 |   642 |   442 ||  1985
Block: Other             |       |     5 |       |    36 |       |       ||    41
       Buckler           |       |    49 |   329 |   308 |       |       ||   686
       Reflection        |       |       |    10 |    16 |    26 |    99 ||   151
       Kite shield       |       |       |       |    53 |  1005 |   916 ||  1974
